 Dungeon Crawl Stone Soup version 0.27-a0-1196-g3e9cee4cb2 (webtiles) character file.

Game seed: 11782188942015339543

219 Strat the Conjurer (level 5, -26/46 HPs)
             Began as a Naga Hedge Wizard on May 28, 2021.
             Blown up by a hobgoblin (27 damage)
             ... with a mindburst bolt
             ... on level 4 of the Dungeon.
             The game lasted 00:11:11 (6058 turns).

Strat the Conjurer (Naga Hedge Wizard)              Turns: 6058, Time: 00:11:12

Health: -26/46     AC:  4    Str: 13    XL:     5   Next: 96%
Magic:  9/9        EV:  9    Int: 15    God:
Gold:   228        SH:  0    Dex: 10    Spells: 2/10 levels left

rFire    + . .     SeeInvis +   a - +0 short sword
rCold    + . .     Faith    .   (no shield)
rNeg     . . .     Spirit   .   b - +0 robe
rPois    +         Reflect  .   c - +0 hat
rElec    .         Harm     .   g - +0 cloak
rCorr    .         Rampage  .   w - +0 pair of gloves
Will     .....                  (no barding)
Stlth    ++........             (no amulet)
HPRegen  0.15/turn              y - ring of protection from cold
MPRegen  0.11/turn              v - ring of protection from fire

@: very slow
A: AC +1, large, see invisible, deformed body, poison resistance, slowness 2,
spit poison 1, naga tail 1
a: Spit Poison


You were on level 4 of the Dungeon.
You visited 1 branch of the dungeon, and saw 4 of its levels.

You collected 228 gold pieces.

Inventory:

Hand Weapons
 a - a +0 short sword (weapon)
 n - a +0 dagger
Missiles
 d - 4 javelins
 p - 57 stones
Armour
 b - a +0 robe (worn)
 c - a +0 hat (worn)
 g - a +0 cloak (worn)
 w - a +0 pair of gloves (worn)
Jewellery
 v - a ring of protection from fire (right hand)
 y - a ring of protection from cold (left hand)
Scrolls
 m - 4 scrolls of teleportation
 s - a scroll of amnesia
Potions
 e - a potion of degeneration
 h - 2 potions of curing {unknown}
 j - a potion of attraction {unknown}
 k - 3 potions of flight {unknown}
 l - a potion of haste
 o - a potion of magic {unknown}
 q - a potion of heal wounds {unknown}
 r - a potion of might {unknown}
 u - a potion of brilliance {unknown}


   Skills:
 + Level 2.3 Fighting
 - Level 1.5 Dodging
 - Level 3.0 Stealth
 - Level 3.0 Spellcasting
 + Level 3.2 Conjurations
 - Level 2.0 Summonings
 - Level 2.0 Translocations
 + Level 0.6 Air Magic
 + Level 3.0 Poison Magic


You had 2 spell levels left.
You knew the following spells:

 Your Spells              Type           Power      Damage    Failure   Level
a - Magic Dart            Conj           44%        1d5       5%          1
b - Blink                 Tloc           N/A        N/A       13%         2
c - Call Imp              Summ           8%         N/A       13%         2
d - Mephitic Cloud        Conj/Pois/Air  9%         N/A       24%         3

Your spell library contained the following spells:

 Spells                   Type           Power      Damage    Failure   Level
 Slow                     Hex            2%         N/A       30%         2
 Conjure Flame            Conj/Fire      7%         6-21      30%         3


Dungeon Overview and Level Annotations

Branches:
Dungeon (4/15)
 Temple: D:4-7

Altars:

Shops:
D:1 =   D:2 (


Innate Abilities, Weirdness & Mutations

Your serpentine skin is tough. (AC +1)
You have supernaturally acute eyesight. (SInv)
Armour fits poorly on your strangely shaped body.
Your system is resistant to poisons. (rPois)
You cover ground very slowly.
You can spit poison.
You have a snake-like lower body.


Message History

The howler monkey looks more healthy.
The howler monkey hits you.
The howler monkey hoots and howls with incredible vigour!
You hit the howler monkey.
You kill the howler monkey!
Your Poison Magic skill increases to level 3!
You start resting.
HP restored.
f - a scroll labelled VEOXKU EZOIB
There is a stone staircase leading down here.
There is a stone staircase leading up here.
You see here the ring "Wigariuv" {Slay+2 SInv}.
m - 3 scrolls of teleportation (gained 1)
You now have 221 gold pieces (gained 10).
p - 57 stones (gained 14)
You now have 228 gold pieces (gained 7).
Found 11 arrows.
As you read the scroll labelled VEOXKU EZOIB, it crumbles to dust.
It is a scroll of identify.
e - a potion of degeneration A ball python comes into view.
The ball python hisses angrily.
The ball python barely misses you.
The ball python bites you but does no damage.
You hit the ball python.
The ball python is moderately wounded.
The ball python barely misses you.
You hit the ball python.
You kill the ball python!
No target in view!
No target in view!
m - 4 scrolls of teleportation (gained 1)
The hobgoblin shouts!
The hobgoblin zaps a wand.
Your mind is blasted!
Ouch! That really hurt!
* * * LOW HITPOINT WARNING * * *
The hobgoblin zaps a wand.
Your mind is blasted!
* * * LOW HITPOINT WARNING * * *
The hobgoblin zaps a wand.
Your mind is blasted!
Ouch! That really hurt!
You die...

,,,,,,*****#$.*..# *.# ****,**
###.g##.# *.# *,*
#.......#######.#
*,*****,#.............########
****,*,,,,>#.###g####...........#
,,,,,,,*****,* #.# #.#########.#
****,*******,* #.# #.# #.#
*,,,,,,,,,* #.# #.# #.#
************** #@# ##.#########.#
,,,,,**********#.###...##........
****,,,,,,,,,,,.#.........#####.#
***********##(###...#### #.# ***
##.## #.# #.#*******#.#
#..,,,,,,,..# ###*******###


You could see a hobgoblin.

Vanquished Creatures
  A howler monkey (D:4)
  An orc priest (D:3)
  2 adders
  A worm (D:3)
  9 orcs
  6 endoplasms
  12 giant cockroaches (D:3)
  4 goblins
  8 hobgoblins
  3 quokkas
  6 ball pythons
  5 bats
  3 frilled lizards
  3 kobolds
  6 rats
70 creatures vanquished.

Vanquished Creatures (collateral kills)
  A hound (D:2)
  Ijyb (D:3)
  An orc wizard (D:3)
  2 worms
  2 orcs
  A giant cockroach (D:2)
8 creatures vanquished.

Grand Total: 78 creatures vanquished

Notes
Turn   | Place    | Note
-------+----------+-------------------------------------------
     0 | D:1      | Strat the Naga Hedge Wizard began the quest for the Orb.
     0 | D:1      | Reached XP level 1. HP: 15/15 MP: 4/4
   307 | D:1      | Reached XP level 2. HP: 22/22 MP: 6/6
   419 | D:1      | Learned a level 2 spell: Blink
   422 | D:1      | Learned a level 2 spell: Call Imp
   428 | D:1      | Found Laatuase's Jewellery Emporium.
   825 | D:1      | HP: 1/22 [endoplasm (1)]
  1312 | D:2      | Reached XP level 3. HP: 28/28 MP: 4/7
  1712 | D:2      | Learned a level 3 spell: Mephitic Cloud
  1990 | D:2      | Found Losut's Antique Weapon Boutique.
  2537 | D:2      | Found a faded altar of an unknown god.
  2872 | D:3      | Reached XP level 4. HP: 37/37 MP: 8/8
  3180 | D:2      | Reached skill level 1 in Fighting
  3180 | D:2      | Reached skill level 1 in Poison Magic
  4569 | D:3      | Noticed Ijyb
  4593 | D:3      | Killed Ijyb
  4594 | D:3      | Reached XP level 5. HP: 18/45 MP: 3/9
  5804 | D:4      | Identified the ring "Wigariuv" {Slay+2 SInv}
  6057 | D:4      | HP: 1/46 [disintegration (20)]
  6058 | D:4      | Blown up by a hobgoblin

Illustrated notes

Levels and vault maps discovered:
D:1:      tarquinn_simple_flora_water_d, layout_rooms, serial_shops, shop
D:2:      layout_basic, shapermc_ecumenical_altar_hornbeckon, serial_shops,
          nicolae_shop_stone
D:3:      minmay_roachtagon, layout_loops_corners, serial_aquarium,
          aquarium_bridge_long_joined [aquarium_subvault_bridge,
          aquarium_subvault_wall, aquarium_subvault_bridge,
          aquarium_subvault_bridge, aquarium_subvault_wall,
          aquarium_subvault_window], aquarium_window_1, aquarium_window_2,
          aquarium_window_fake, aquarium_view_2b, aquarium_view_2d,
          aquarium_balcony_3b, aquarium_pool_side, kennysheep_path_1, uniq_ijyb
D:4:      layout_loops_ring, kennysheep_generic_room_9

Skill      XL: |  1  2  3  4  5 |
---------------+----------------+-----
Conjurations   | 2 3 |  3.2
Summonings     | 2 |  2.0
Translocations | 2 |  2.0
Fighting       | 1 2 |  2.3
Poison Magic   | 2 3 |  3.0
Dodging        | |  1.5
Stealth        | |  3.0
Spellcasting   | |  3.0
Air Magic      | |  0.6

Action                   |  1- 3 |  4- 6 || total
-------------------------+-------+-------++-------
Melee: Dagger            |    31 |       ||    31
       Short sword       |    65 |   172 ||   237
 Cast: Magic Dart        |    15 |     4 ||    19
       Call Imp          |     8 |    10 ||    18
       Blink             |     1 |       ||     1
 Abil: Spit Poison       |     5 |    24 ||    29
  Use: Scroll            |       |     7 ||     7
 Stab: Sleeping          |     4 |     4 ||     8
Armor: Robe              |    32 |    91 ||   123
Dodge: Dodged            |    45 |   114 ||   159

Table legend: (Time is in decaauts)
 A = Elapsed time spent in this place.
 B = Non-inter-level travel time spent in this place.
 C = Inter-level travel time spent in this place.
 D = Time resting spent in this place.
 E = Time spent auto-exploring this place.
 F = Levels seen in this place.
 G = Mean time per level.
                   A        B        C        D        E       F      G
               +--------+--------+--------+--------+--------+-----+--------+
         Total |   7289 |   6637 |    652 |   2015 |   3394 |   4 | 1822.2 |
       Dungeon |   7289 |   6637 |    652 |   2015 |   3394 |   4 | 1822.2 |
               +--------+--------+--------+--------+--------+-----+--------+

Top non-repeatable levels by time:
     D:3: 2843 daAuts
     D:2: 2605 daAuts
     D:1: 1451 daAuts
     D:4: 388 daAuts
